 Seeded DCSS version 0.29.1-15-g9cfb28693d (webtiles) character file.

Game seed: 17183674495472087855 (custom seed)

92 Mickster the Conjurer (level 4, -5/24 HPs)
             Began as a Gargoyle Wanderer on Mar 13, 2023.
             Slain by a wight
             ... wielding a +0 war axe
              (10 damage)
             ... on level 6 of the Dungeon.
             The game lasted 00:25:38 (3213 turns).

Mickster the Conjurer (Gargoyle Wanderer)           Turns: 3213, Time: 00:25:39

Health: -5/24      AC: 12    Str: 13    XL:     4   Next: 60%
Magic:  5/9        EV: 11    Int: 15    God:
Gold:   82         SH:  0    Dex: 11    Spells: 3/10 levels left

rFire   . . .      SeeInvis .   h - +0 short sword
rCold   . . .      Faith    .   (no shield)
rNeg    + . .      Spirit   .   c - +2 leather armour
rPois   ∞          Reflect  .   d - +2 helmet
rElec   +          Harm     .   (no cloak)
rCorr   .          Rampage  .   (no gloves)
Will    .....                   (no boots)
Stlth   +.........              (no amulet)
HPRegen 0.08/turn               (no ring)
MPRegen 0.11/turn               (no ring)

@: very slightly contaminated
A: sickness immunity, AC +3, negative energy resistance 1, electricity
resistance, torment resistance 1, petrification resistance
a: no special abilities


You were on level 6 of the Dungeon.
You visited 1 branch of the dungeon, and saw 4 of its levels.

You collected 82 gold pieces.

Inventory:

Hand Weapons
 a - a +0 club
 f - a +0 whip
 h - a +0 short sword (weapon)
Missiles
 g - 21 stones (quivered)
Armour
 c - a +2 leather armour (worn)
 d - a +2 helmet (worn)
 e - a +0 ring mail
 j - a +0 chain mail
Potions
 b - a potion of haste
 l - a potion of curing


   Skills:
 + Level 0.2 Fighting
 + Level 0.5 Short Blades
 + Level 0.1 Maces & Flails
 + Level 2.2 Armour
 + Level 2.2 Dodging
 + Level 1.1 Stealth
 + Level 3.5 Spellcasting
 + Level 3.6 Conjurations
 + Level 0.1 Ice Magic


You had 3 spell levels left.
You knew the following spells:

 Your Spells              Type           Power      Damage    Failure   Level
a - Shock                 Conj/Air       32%        1d5       12%         1
b - Sting                 Tmut/Pois      8%         1d3       24%         1
c - Ozocubu's Armour      Ice            2%         N/A       56%         3
d - Scorch                Fire           4%         2d5       36%         2

Your spell library contained the following spells:

 Spells                   Type           Power      Damage    Failure   Level
 Apportation              Tloc           4%         N/A       24%         1
 Beastly Appendage        Tmut           4%         N/A       24%         1
 Mephitic Cloud           Conj/Pois/Air  6%         N/A       41%         3
 Metabolic Englaciation   Hex/Ice        1%         N/A       100%        5
 Simulacrum               Ice/Necr       1%         N/A       100%        6


Dungeon Overview and Level Annotations

Branches:
Dungeon (6/15)
 Temple: D:4-7

Altars:


Innate Abilities, Weirdness & Mutations

You are immune to sickness and miasma.
Your stone body is resilient. (AC +3)
You are immune to poison.
You resist negative energy. (rN+)
You are resistant to electric shocks. (rElec)
You are resistant to unholy torment.
You are immune to petrification.


Message History

Aim: a wight, wielding a +0 war axe and wearing a +0 robe (68% to hit)
The zap hits the wight.
The wight is moderately damaged.
Your butterfly disappears in a burst of colours!
The wight closely misses you.
Casting: Shock (safe; 12% risk of failure)
Confirm with . or Enter, or press ? or * to list all spells.
Aiming: Shock (safe; 12% risk of failure)
Press: ? - help, Shift-Dir - straight line, f/p - wight
Aim: a wight, wielding a +0 war axe and wearing a +0 robe (moderately damaged, 68% to hit)
You miscast Shock.
Nothing appears to happen.
The wight hits you but does no damage.
You hit the wight but do no damage.
The wight is moderately damaged.
The wight barely misses you.
You hit the wight.
The wight is moderately damaged.
The wight hits you with a +0 war axe.
You hit the wight.
The wight is heavily damaged.
The wight barely misses you.
You hit the wight.
The wight is heavily damaged.
The wight barely misses you.
You hit the wight but do no damage.
The wight is heavily damaged.
The wight hits you with a +0 war axe.
* * * LOW HITPOINT WARNING * * *
You hit the wight.
The wight is severely damaged.
The wight closely misses you.
You hit the wight but do no damage.
The wight is severely damaged.
The wight hits you with a +0 war axe.
* * * LOW HITPOINT WARNING * * *
The wight hits you but does no damage.
You barely miss the wight.
The wight is severely damaged.
The wight hits you with a +0 war axe!
You die...

##.## .# . ...###. ..
##..##..
.#.#####..<##.#
"..........##.#
...........##.# ...
#.........###
###.##...z@......#
..............#.#
##.....#...##.#.##
#...............##
#.....#...##.#.#.###
.###.##...............#
.........#####..#.#.#.#
.........# #.#..>##.#
.....##..# #.##.## #


You could see a wight.

Vanquished Creatures
  A gnoll (D:1)
  3 adders
  A worm (D:2)
  A dart slug (D:2)
  4 orcs (D:3)
  3 ball pythons
  2 endoplasms
  2 giant cockroaches
  2 goblins (D:1)
  8 hobgoblins
  6 kobolds
  3 quokkas
  A bat (D:1)
  2 frilled lizards
  3 rats
42 creatures vanquished.

Notes
Turn   | Place    | Note
-------+----------+-------------------------------------------
     0 | D:1      | Mickster the Gargoyle Wanderer began the quest for the Orb.
     0 | D:1      | Mickster set off with the following items: a +0 club, a
                  | potion of haste, a +0 leather armour, a +0 helmet; and the
                  | following spells available to memorise: Shock, Apportation,
                  | Beastly Appendage, Sting, Scorch, Mephitic Cloud.
     0 | D:1      | Reached XP level 1. HP: 10/10 MP: 4/4
     2 | D:1      | Learned a level 1 spell: Shock
     4 | D:1      | Learned a level 1 spell: Sting
   353 | D:1      | Reached XP level 2. HP: 4/15 MP: 1/6
  1095 | D:1      | Reached XP level 3. HP: 17/19 MP: 5/7
  1474 | D:1      | Learned a level 3 spell: Ozocubu's Armour
  1603 | D:2      | Reached skill level 1 in Stealth
  1751 | D:2      | Reached XP level 4. HP: 20/24 MP: 6/9
  2107 | D:2      | Learned a level 2 spell: Scorch
  3068 | D:3      | Found a faded altar of an unknown god.
  3157 | D:3      | You fall into a shaft and drop 3 floors!
  3213 | D:6      | Slain by a wight

Illustrated notes

Levels and vault maps discovered:
D:1:      nzn_arrival_settlement, layout_basic, minivault_19
D:2:      layout_basic, bh_walls_and_bars
D:3:      layout_loops_ring, nicolae_wu_jian_immortal_techniques,
          shapermc_ecumenical_altar_totnotflames, nicolae_elevator_lobby_plus
D:6:      layout_loops_ring, minmay_temple_entry_nine_rooms

Skill      XL: |  1  2  3 |
---------------+----------+-----
Armour         | 2 |  2.2
Stealth        | 1 |  1.1
Dodging        | 2 |  2.2
Fighting       | |  0.2
Short Blades   | |  0.5
Maces & Flails | |  0.1
Spellcasting   | |  3.5
Conjurations   | |  3.6
Ice Magic      | |  0.1

Action                   |  1- 3 |  4- 6 || total
-------------------------+-------+-------++-------
Melee: Club              |    48 |       ||    48
       Punch             |     1 |     1 ||     2
       Short sword       |    53 |    78 ||   131
 Cast: Shock             |    29 |    13 ||    42
       Sting             |     2 |     1 ||     3
       Ozocubu's Armour  |     1 |     1 ||     2
  Use: Scroll            |     2 |     7 ||     9
       Potion            |     2 |     2 ||     4
Armor: Leather armour    |    47 |    41 ||    88
Dodge: Dodged            |    74 |    51 ||   125
